 Dungeon Crawl Stone Soup version 0.29-a0-222-g5b244fca1f (webtiles) character file.

Game seed: 11756665687209114138

385 cyrus the Poker (level 6, -4/43 HPs)
             Began as a Merfolk Fighter on Feb 27, 2022.
             Was a Believer of Hepliaklqana.
             Slain by Duvessa
             ... wielding a +0 rapier
              (9 damage)
             ... on level 4 of the Dungeon.
             The game lasted 00:07:48 (4285 turns).

cyrus the Poker (Merfolk Fighter)                   Turns: 4285, Time: 00:07:48

Health: -4/43      AC:  9    Str: 16    XL:     6   Next: 77%
Magic:  6/6        EV: 10    Int: 10    God:    Hepliaklqana [**....]
Gold:   41         SH:  5    Dex: 13    Spells: 5/5 levels left

rFire   . . .      SeeInvis .   a - +0 trident
rCold   . . .      Faith    .   c - +0 buckler
rNeg    . . .      Spirit   .   b - +0 scale mail
rPois   .          Reflect  .   l - +0 helmet
rElec   .          Harm     .   (no cloak)
rCorr   .          Rampage  .   n - +0 pair of gloves
Will    .....                   (no boots)
Stlth   ..........              (no amulet)
HPRegen 0.14/turn               (no ring)
MPRegen 0.10/turn               (no ring)

@: mighty
A: reduced essence, (nimble swimmer 2), mertail
a: Renounce Religion, Recall Ancestor, Ancestor Identity


You were on level 4 of the Dungeon.
You worshipped Hepliaklqana.
Hepliaklqana was pleased with you.
You visited 1 branch of the dungeon, and saw 4 of its levels.

You collected 99 gold pieces.
You spent 58 gold pieces at shops.

Inventory:

Hand Weapons
 a - a +0 trident (weapon)
Armour
 b - a +0 scale mail (worn)
 c - a +0 buckler (worn)
 k - a +0 barding
 l - a +0 helmet (worn)
 n - a +0 pair of gloves (worn)
Wands
 j - a wand of flame (27)
 s - a wand of charming (7)
Scrolls
 f - a scroll of noise {unknown}
 g - 2 scrolls of fog {unknown}
 h - 2 scrolls of vulnerability {unknown}
 i - a scroll of enchant weapon {unknown}
 m - a scroll of identify {unknown}
 o - a scroll of teleportation {unknown}
 p - 2 scrolls of fear {unknown}
 r - a scroll of magic mapping {unknown}
Potions
 d - 2 potions of might
 e - 3 potions of curing {unknown}
 q - a potion of attraction {unknown}


   Skills:
 + Level 4.2 Fighting
 + Level 5.1 Polearms
 + Level 3.6 Armour
 + Level 2.7 Dodging
 + Level 0.1 Stealth
 + Level 4.1 Shields


You had 5 spell levels left.
You didn't know any spells.
Your spell library was empty.

Dungeon Overview and Level Annotations

Branches:
Dungeon (4/15)
 Temple: D:4-7

Altars:
Hepliaklqana

Shops:
D:2 [[[

Annotations:
D:4 Duvessa


Innate Abilities, Weirdness & Mutations

Your life essence is reduced to manifest your ancestor. (-10% HP)
((You are very nimble when in or above water. (Stealth+, EV+, Speed+++)))
Your lower body shifts to a powerful aquatic tail in water.


Message History

Matia hits the ball python with a +0 flail!
The ball python dies!
Something hits Matia but does no damage.
You feel very mighty all of a sudden. Duvessa hits you with a +0 rapier.
Duvessa hits you with a +0 rapier!
The ball python bites you but does no damage.
The ball python closely misses you.
Aiming: Throw Flame
Press: ? - help, Q - select action, (/) - cycle Shift-Dir - straight line, f - Duvessa
Aim: Duvessa, wielding a +0 rapier, wearing a +0 leather armour and carrying a wand of digging (6) (fast, 72% to hit)
The puff of flame hits Duvessa.
Duvessa is lightly wounded.
Duvessa barely misses you.
Dowan points at you and mumbles some strange words.
The puff of flame hits Matia.
Matia resists.
Matia hits Dowan with a +0 flail!
Dowan dies!
Duvessa screams, "No!
How DARE you!"
Duvessa goes berserk!
The ball python bites you but does no damage.
The ball python grabs you. The ball python constricts you.
Your Shields skill increases to level 4!
Aiming: Charm
Press: ? - help, Q - select action, (/) - cycle Shift-Dir - straight line, f/p - Duvessa
Aim: Duvessa, wielding a +0 rapier, wearing a +0 leather armour and carrying a wand of digging (6) (lightly wounded, berserk, fast, ally target, chance to affect: 31%) Duvessa easily resists.
Duvessa closely misses you. The ball python barely misses you.
The ball python constricts you.
The poisoned dart hits Matia!
Duvessa hits you with a +0 rapier!!
* * * LOW HITPOINT WARNING * * *
You escape the ball python's grasp.
You hear a zap.
Matia barely resists.
Duvessa barely misses you.
A poisoned dart appears from out of your range of vision.
The poisoned dart barely misses Matia.
A kobold comes into view.
It is wielding a +0 club, quivering poisoned darts and carrying a wand of mindburst (22).
Duvessa hits you with a +0 rapier!
You die...

#......#####
##.#†.#
....>
#####..###
#..K## ....
##.......#
###.## ...
##.#####..#
#...# ..
#..#
#...##.#R# #
...#
##.#..#.#
...# ... #S#
†..# #.##
#e# ...# #.
#@# ...# #
#.# #### ..#
#... ## ####
.# .# .##.
..>.


You could see the friendly Matia the knight, Duvessa (berserk, fast, ally
target), a ball python and a kobold.

Vanquished Creatures
  An orc wizard (D:3)
  4 adders
  2 worms
  2 dart slugs (D:4)
  6 orcs
  A ball python (D:2)
  An endoplasm (D:1)
  A giant cockroach (D:3)
  3 goblins
  2 hobgoblins (D:3)
  3 jackals (D:2)
  6 kobolds
  A quokka (D:2)
  5 bats
  A frilled lizard (D:3)
  2 rats
41 creatures vanquished.

Vanquished Creatures (collateral kills)
  An ogre (D:4)
  Dowan (D:4)
  An orc priest (D:3)
  Ijyb (D:3)
  2 orc wizards (D:3)
  An adder (D:4)
  6 orcs
  2 ball pythons (D:4)
  3 endoplasms
  2 hobgoblins
  A jackal (D:2)
  A quokka (D:2)
  3 kobolds
25 creatures vanquished.

Grand Total: 66 creatures vanquished

Notes
Turn   | Place    | Note
-------+----------+-------------------------------------------
     0 | D:1      | cyrus the Merfolk Fighter began the quest for the Orb.
     0 | D:1      | Reached XP level 1. HP: 18/18 MP: 1/1
   354 | D:1      | Found a faded altar of an unknown god.
   382 | D:1      | Prayed at the altar of an unknown god.
   382 | D:1      | Became a worshipper of Hepliaklqana the Forgotten
   382 | D:1      | Reached * piety under Hepliaklqana
   811 | D:2      | Found Agruy's Armour Emporium.
   832 | D:2      | Reached XP level 2. HP: 13/21 MP: 2/2
  1071 | D:2      | Reached skill level 3 in Polearms
  1223 | D:2      | Reached XP level 3. HP: 27/27 MP: 3/3
  1312 | D:2      | Found Ibalufuu's Armour Shoppe.
  1487 | D:2      | Reached skill level 1 in Dodging
  1524 | D:2      | Bought a +0 helmet for 58 gold pieces
  1625 | D:2      | Reached ** piety under Hepliaklqana
  1626 | D:2      | Remembered your ancestor Matia as a knight
  1629 | D:2      | Found Dyfiudax's Armour Shoppe.
  1816 | D:3      | Noticed Ijyb
  1827 | D:3      | Killed Ijyb
  1828 | D:3      | Reached XP level 4. HP: 13/33 MP: 4/4
  2218 | D:3      | Reached skill level 4 in Polearms
  2318 | D:3      | Reached XP level 5. HP: 19/37 MP: 5/5
  3651 | D:4      | Reached XP level 6. HP: 43/43 MP: 6/6
  3735 | D:4      | Reached skill level 5 in Polearms
  4268 | D:4      | Noticed Duvessa
  4268 | D:4      | Noticed Dowan
  4280 | D:4      | Killed Dowan
  4285 | D:4      | Slain by Duvessa

Illustrated notes

Levels and vault maps discovered:
D:1:      dpeg_arrival_round_c, layout_rooms, chequers_ecumenical_altar_island
D:2:      layout_basic, serial_shops, shop, shop, nicolae_square_shop
D:3:      layout_basic, minmay_fractal_squares_gapless_5, uniq_ijyb
D:4:      layout_rooms, uniq_duvessa

Skill      XL: |  1  2  3  4  5  6 |
---------------+-------------------+-----
Polearms       | 3 4 5 |  5.1
Dodging        | 1 2 |  2.7
Fighting       | 4 |  4.2
Armour         | 3 |  3.6
Shields        | 4 |  4.1
Stealth        | |  0.1

Action                   |  1- 3 |  4- 6 || total
-------------------------+-------+-------++-------
Melee: Trident           |    60 |    79 ||   139
Invok: Ancestor Life: Kn |     1 |       ||     1
Evoke: Wand              |     1 |     2 ||     3
  Use: Potion            |       |     1 ||     1
Armor: Scale mail        |    32 |    52 ||    84
Dodge: Dodged            |    44 |    43 ||    87
Block: Buckler           |    14 |    23 ||    37

Table legend: (Time is in decaauts)
 A = Elapsed time spent in this place.
 B = Non-inter-level travel time spent in this place.
 C = Inter-level travel time spent in this place.
 D = Time resting spent in this place.
 E = Time spent auto-exploring this place.
 F = Levels seen in this place.
 G = Mean time per level.
                   A        B        C        D        E       F      G
               +--------+--------+--------+--------+--------+-----+--------+
         Total |   4293 |   4094 |    199 |   1193 |   2296 |   4 | 1073.2 |
       Dungeon |   4293 |   4094 |    199 |   1193 |   2296 |   4 | 1073.2 |
               +--------+--------+--------+--------+--------+-----+--------+

Top non-repeatable levels by time:
     D:3: 1929 daAuts
     D:2: 920 daAuts
     D:1: 801 daAuts
     D:4: 640 daAuts
